 Dungeon Crawl Stone Soup version 0.16-a0-4083-g5af668b (webtiles) character file.

1803 dysrexia the Carver (level 9, -8/56 HPs)
             Began as an Octopode Fighter on Feb 22, 2015.
             Mangled by a griffon (14 damage)
             ... on level 8 of the Dungeon.
             The game lasted 00:28:03 (6897 turns).

dysrexia the Carver (Octopode Fighter)              Turns: 6897, Time: 00:28:03

Health: -8/56      AC:  1    Str: 15    XL:     9   Next: 9%
Magic:  9/9        EV: 11    Int: 10    God:
Gold:   508        SH: 10    Dex: 15    Spells: 0 memorised, 8 levels left

rFire  . . .     SeeInvis .     a - +1 long sword
rCold  . . .     Clarity  .     c - +1 shield
rNeg   . . .     SustAb   .     (helmet restricted)
rPois  .         Gourm    .     (no amulet)
rElec  .         Spirit   .     (no ring)
rCorr  .         Warding  .     (no ring)
rMut   .         Stasis   .     (no ring)
MR     .....                    (no ring)
Stlth  ++........               (no ring)
                                (no ring)
                                (no ring)
                                (no ring)

@: not resistant to hostile enchantments, unstealthy
A: almost no armour, amphibious, 8 rings, constrict 8, camouflage 1, gelatinous
body 1
a: no special abilities


You were on level 8 of the Dungeon.
You were not hungry.

You visited 2 branches of the dungeon, and saw 9 of its levels.

You collected 508 gold pieces.

Inventory:

Hand weapons
 a - a +1 long sword (weapon)
 m - a +2 dagger of draining
Missiles
 i - 13 poisoned needles
 o - 4 curare-tipped needles
 q - 37 stones (quivered)
 v - a throwing net
Armour
 c - a +1 shield (worn)
Jewellery
 p - an uncursed ring of loudness
Magical devices
 B - a wand of confusion (27)
Scrolls
 j - 2 scrolls of blinking
 l - 2 scrolls of immolation
 s - 3 scrolls of remove curse
 t - 6 scrolls of teleportation
 w - a scroll of fear
 x - a scroll of enchant armour
Potions
 e - a potion of might
 f - a potion of restore abilities
 g - 3 potions of curing
 h - 2 potions of flight
 n - 2 potions of resistance {unknown}
 r - a potion of ambrosia
 A - 2 potions of agility
 C - a potion of brilliance {unknown}
 E - 2 potions of cancellation {unknown}
Books
 z - a book of Minor Magic

   Spells                             Type                      Level
   a - Magic Dart                     Conjuration                  1
   b - Blink                          Translocation                2
   c - Call Imp                       Summoning                    2
   d - Repel Missiles                 Charms/Air                   2
   e - Slow                           Hexes                        2
   f - Conjure Flame                  Conjuration/Fire             3
   g - Mephitic Cloud                 Conjuration/Poison/Air       3
Comestibles
 b - a slice of pizza
 d - 12 bread rations
 k - 4 meat rations
 u - 5 beef jerkies
 D - 3 chunks of flesh


   Skills:
 - Level 3.0 Fighting
 + Level 11.4 Long Blades
 - Level 3.0 Dodging
 - Level 3.0 Shields


You had 8 spell levels left.
You didn't know any spells.

Dungeon Overview and Level Annotations

Branches:
Dungeon (8/15)             Temple (1/1) D:5
   Lair: D:8-11

Altars:
Ashenzari
Cheibriados
Elyvilon
Kikubaaqudgha
Makhleb
Nemelex Xobeh
Okawaru
Qazlal
Sif Muna
Vehumet
Xom
Yredelemnul
Zin
The Shining One

Annotations:
D:5 Sigmund


Innate Abilities, Weirdness & Mutations

You cannot wear most types of armour.
You are amphibious.
You can wear up to eight rings at the same time.
You can use your tentacles to constrict many enemies at once.
Your skin changes colour to match your surroundings (Stealth).
Your rubbery body absorbs attacks (AC +1).


Message History

You hit the griffon.
The griffon is moderately wounded.
There is a stone staircase leading down here.
There is an open door here.
There is an open door here.
You slash the griffon!
The griffon is moderately wounded.
The griffon bites you!
* * * LOW HITPOINT WARNING * * *
The griffon pecks you.
* * * LOW HITPOINT WARNING * * *
You block the griffon's attack.
Evoke which item? (* to show all) (? for menu, Esc to quit)
Zapping:
B - a wand of confusion {zapped: 3} (will waste charges)
Press: ? - help, Shift-Dir - straight line, f/p - griffon
Aim: a griffon (moderately wounded, chance 28%)
The griffon easily resists.
Evoking this partially-identified wand wasted a few charges.
The griffon bites you!
You die...

####### ##### #.....#
#...# #.....# #.#.#
#.....# #.#.# #.....#
#.#.####.....#########
#>...@H'..........<...
#.######.....#########
###.#.....######
#.....###.#
#.....###.#
#.......#.#
#....####.## #....#
#..### #....####((..#


You could see a griffon.

Vanquished Creatures
  A hungry ghost (D:6)
  A spriggan (D:7)
  A wyvern (D:6)
  A hippogriff (D:8)
  3 ice beasts
  A centaur (D:7)
  An ogre (D:6)
  A giant frog (D:6)
  A crimson imp (D:5)
  2 goliath beetles
  An orc priest (D:6)
  4 hounds
  A jelly (D:6)
  A centaur skeleton (D:6)
  5 worker ants
  An iguana (D:8)
  An orc wizard (D:6)
  6 gnolls
  10 adders
  2 worms
  2 oozes
  13 orcs
  2 ball pythons
  7 giant cockroaches
  16 goblins
  10 hobgoblins
  2 jackals (D:6)
  15 kobolds
  A quokka (D:7)
  9 bats
  4 giant geckos
  A giant gecko skeleton (D:4)
  4 giant newts
  A quokka zombie (D:8)
  15 rats
147 creatures vanquished.

Notes
Turn   | Place    | Note
--------------------------------------------------------------
     0 | D:1      | dysrexia, the Octopode Fighter, began the quest for the Orb.
     0 | D:1      | Reached XP level 1. HP: 16/16 MP: 1/1
   122 | D:1      | Reached XP level 2. HP: 9/21 MP: 2/2
   455 | D:1      | Reached XP level 3. HP: 26/26 MP: 3/3
  1316 | D:2      | Reached skill level 4 in Long Blades
  1316 | D:2      | Reached XP level 4. HP: 21/31 MP: 4/4
  1667 | D:3      | Found a stormy altar of Qazlal.
  1668 | D:3      | Noticed a fire elemental
  1983 | D:3      | Reached skill level 5 in Long Blades
  1986 | D:3      | Reached XP level 5. HP: 31/36 MP: 5/5
  2750 | D:3      | Noticed an earth elemental
  2756 | D:3      | Noticed a water elemental
  2756 | D:3      | Noticed an air elemental
  3092 | D:4      | Found an iron altar of Okawaru.
  3380 | D:4      | Reached skill level 6 in Long Blades
  3380 | D:4      | Reached XP level 6. HP: 32/42 MP: 6/6
  4059 | D:5      | Entered Level 5 of the Dungeon
  4071 | D:5      | Found a staircase to the Ecumenical Temple.
  4084 | Temple   | Entered the Ecumenical Temple
  4307 | D:5      | Found a shattered altar of Ashenzari.
  4336 | D:5      | Reached skill level 7 in Long Blades
  4343 | D:5      | Noticed Sigmund
  4742 | D:6      | Noticed a wyvern
  4750 | D:6      | Killed a wyvern
  4750 | D:6      | Reached XP level 7. HP: 39/46 MP: 7/7
  4767 | D:6      | Reached skill level 8 in Long Blades
  4776 | D:6      | Found a radiant altar of Vehumet.
  5172 | D:6      | Noticed a hungry ghost
  5203 | D:6      | Killed a hungry ghost
  5203 | D:6      | Reached skill level 9 in Long Blades
  5203 | D:6      | Reached XP level 8. HP: 32/52 MP: 8/8
  5548 | D:6      | Noticed a hill giant
  5960 | D:7      | Reached skill level 10 in Long Blades
  6229 | D:7      | Found a snail-covered altar of Cheibriados.
  6230 | D:7      | Found a deep blue altar of Sif Muna.
  6764 | D:8      | Reached skill level 11 in Long Blades
  6764 | D:8      | Reached XP level 9. HP: 46/56 MP: 9/9
  6858 | D:8      | Noticed a griffon
  6897 | D:8      | Mangled by a griffon

Action                   |  1- 3 |  4- 6 |  7- 9 || total
-------------------------+-------+-------+-------++-------
Melee: Long sword        |    56 |   153 |   155 ||   364
Throw: Stone             |       |     8 |    24 ||    32
Evoke: Wand              |       |       |     2 ||     2
  Use: Scroll            |     5 |     5 |     8 ||    18
       Potion            |       |       |     2 ||     2
 Stab: Sleeping          |     5 |     5 |     3 ||    13
       Distracted        |       |     1 |       ||     1
       Confused          |       |       |     1 ||     1
  Eat: Chunk             |     1 |    11 |     5 ||    17
       Fruit             |       |       |     4 ||     4
